 Dungeon Crawl Stone Soup version 0.31-a0-219-g8d62b2e7bb (webtiles) character file.

Game seed: 3583239332908799884

317 pokeman the Magician (level 6, -16/35 HPs)
             Began as a Deep Elf Hedge Wizard on July 3, 2023.
             Was an Initiate of Vehumet.
             Demolished by a mummy (18 damage)
             ... in an ossuary.
             The game lasted 00:09:25 (4394 turns).

pokeman the Magician (Deep Elf Hedge Wizard)        Turns: 4394, Time: 00:09:25

Health: -16/35     AC:  4    Str:  7    XL:     6   Next: 20%
Magic:  0/17       EV: 13    Int: 21    God:    Vehumet [......]
Gold:   216        SH:  0    Dex: 20    Spells: 5/18 levels left

rFire   . . .        c - +1 dagger (freeze)
rCold   . . .        (no shield)
rNeg    . . .        b - +0 robe
rPois   .            m - +0 helmet
rElec   .            (no cloak)
rCorr   .            g - +0 pair of gloves
SInv    .            (no boots)
Will    +....        (no amulet)
Stlth   ++           a - ring of willpower
HPRegen 0.25/turn    r - +6 ring of dexterity
MPRegen 0.15/turn

%: no passive effects
@: on blink cooldown
A: no striking features
a: Renounce Religion


You were in an ossuary.
You worshipped Vehumet.
Vehumet was noncommittal.
You visited 2 branches of the dungeon, and saw 5 of its levels.
You also visited: Ossuary.

You collected 216 gold pieces.

Inventory:

Hand Weapons
 c - a +1 dagger of freezing (weapon)
Armour
 b - a +0 robe (worn)
 g - a +0 pair of gloves (worn)
 m - a +0 helmet (worn)
Jewellery
 a - a ring of willpower (left hand)
 k - a ring of protection from cold
 r - a +6 ring of dexterity (right hand)
Scrolls
 e - a scroll of teleportation {unknown}
 f - 3 scrolls of enchant armour {unknown}
 j - 2 scrolls of identify {unknown}
 p - a scroll of revelation {unknown}
 s - a scroll of poison {unknown}
Potions
 d - a potion of magic
 h - a potion of might {unknown}
 i - a potion of cancellation {unknown}
 l - 3 potions of heal wounds {unknown}
 n - a potion of brilliance {unknown}
 o - 2 potions of haste {unknown}
 q - a potion of attraction {unknown}


   Skills:
 - Level 2.0 Fighting
 - Level 2.0 Armour
 + Level 2.5 Dodging
 + Level 2.5 Stealth
 * Level 6.8 Spellcasting
 + Level 3.2 Conjurations
 - Level 1.1 Summonings
 - Level 1.1 Translocations


You had 5 spell levels left.
You knew the following spells:

 Your Spells              Type           Power      Damage    Failure   Level
a - Magic Dart            Conj           80%        1d7       2%          1
b - Mephitic Cloud        Conj/Pois/Air  11%        N/A       17%         3
c - Call Imp              Summ           22%        N/A       9%          2
d - Blink                 Tloc           22%        N/A       9%          2
e - Irradiate             Conj/Tmut      6%         3d13      78%         5

Your spell library contained the following spells:

 Spells                   Type           Power      Damage    Failure   Level
 Slow                     Hex            28%        N/A       9%          1
 Cigotuvi's Dreadful Rot  Necr/Pois/Air  14%        N/A       14%         2
 Sublimation of Blood     Necr           7%         N/A       14%         2
 Petrify                  Tmut/Erth      7%         N/A       65%         4
 Alistair's Intoxication  Tmut/Pois      4%         N/A       94%         5
 Borgnjor's Vile Clutch   Necr/Erth      3%         N/A       94%         5
 Eringya's Noxious Bog    Tmut/Pois      3%         N/A       100%        6


Dungeon Overview and Level Annotations

Branches:
Dungeon (4/15)             Temple (1/1) D:4         Ossuary (1/1)

Altars:
Ashenzari
Fedhas
Hepliaklqana
Nemelex Xobeh
Okawaru
Qazlal
Sif Muna
Trog
Uskayaw
Vehumet
Xom
Yredelemnul
The Shining One


Message History

2 mummies come into view.
The kobold zombie completely misses you.
You hit the kobold zombie.
The kobold zombie is lightly damaged.
The kobold zombie closely misses you.
Casting: Magic Dart (safe; 2% risk of failure)
Confirm with . or Enter, or press ? or * to list all spells.
You blink.
You feel stable enough to blink again.
There is a gate leading back out of this place here.
Casting: Blink (safe; 9% risk of failure)
Confirm with . or Enter, or press ? or * to list all spells.
Aiming: Magic Dart (safe; 2% risk of failure)
Press: ? - help, Shift-Dir - straight line, f/p - mummy
Aim: a mummy (almost destroyed, 100% to hit)
The magic dart hits the mummy.
You destroy the mummy!
Vehumet accepts your kill.
Unknown command.
Unknown command.
Unknown command.
You hit the mummy but do no damage.
The kobold zombie hits you but does no damage.
Unknown command.
You barely miss the mummy. The mummy hits you!
* * * LOW HITPOINT WARNING * * *
The kobold zombie barely misses you.
Unknown command.
You hit the mummy. You punch the mummy, but do no damage.
The mummy is lightly damaged.
The kobold zombie closely misses you. The mummy hits you!
* * * LOW HITPOINT WARNING * * *
Unknown command.
Casting: Magic Dart (safe; 2% risk of failure)
Confirm with . or Enter, or press ? or * to list all spells.
You blink.
Unknown command.
The mummy hits you!!
Ouch! That really hurt!
You die...

#+##....M...##+#
##......##
##....## #....#
#....# #....#
#....# #.M..#
#@.ZM# #..M.#
#.∩∩§# ######


You could see 3 mummies and a kobold zombie.

Vanquished Creatures
  A jelly (D:4)
  2 hounds (D:4)
  Terence (D:1)
  3 mummies (Ossuary)
  Robin (D:2)
  4 adders
  2 gnolls (D:4)
  A worm (D:3)
  3 dart slugs
  2 endoplasms
  A giant cockroach (D:2)
  23 goblins
  4 hobgoblins
  4 jackals (D:1)
  11 kobolds
  3 quokkas
  5 ball pythons
  4 bats (D:1)
  3 frilled lizards
  2 gnoll zombies (Ossuary)
  A hobgoblin zombie (Ossuary)
  A kobold zombie (Ossuary)
  3 orc zombies (Ossuary)
  3 rats
88 creatures vanquished.

Notes
Turn   | Place    | Note
-------+----------+-------------------------------------------
     0 | D:1      | pokeman the Deep Elf Hedge Wizard began the quest for the
                  | Orb.
     0 | D:1      | Reached XP level 1. HP: 10/10 MP: 7/7
   287 | D:1      | Reached XP level 2. HP: 15/15 MP: 6/9
   921 | D:1      | Reached skill level 5 in Spellcasting
  1092 | D:1      | Reached XP level 3. HP: 20/20 MP: 3/11
  1103 | D:1      | Learned a level 3 spell: Mephitic Cloud
  1106 | D:1      | Learned a level 2 spell: Call Imp
  1109 | D:1      | Learned a level 2 spell: Blink
  1438 | D:1      | Found a faded altar of an unknown god.
  1963 | D:2      | Noticed Robin
  1974 | D:2      | Noticed Terence
  1985 | D:2      | Reached skill level 1 in Armour
  1986 | D:2      | Reached skill level 1 in Fighting
  2218 | D:1      | Killed Terence
  2219 | D:1      | Reached XP level 4. HP: 16/25 MP: 6/13
  2291 | D:2      | Killed Robin
  3644 | D:3      | Reached XP level 5. HP: 26/29 MP: 10/15
  3777 | D:4      | Reached skill level 6 in Spellcasting
  3796 | D:4      | Found a sparkling altar of Nemelex Xobeh.
  3803 | D:4      | Found a staircase to the Ecumenical Temple.
  3915 | Temple   | Entered the Ecumenical Temple
  4033 | Temple   | Became a worshipper of Vehumet
  4078 | D:4      | Reached XP level 6. HP: 33/35 MP: 13/17
  4103 | D:4      | Found a sand-covered staircase.
  4112 | Ossuary  | Entered an ossuary
  4119 | Ossuary  | Learned a level 5 spell: Irradiate
  4394 | Ossuary  | Demolished by a mummy

Illustrated notes

Levels and vault maps discovered:
D:1:      scummos_arrival_star, layout_loops_ring,
          ebering_ecumenical_altar_rust, serial_forest,
          infiniplex_forest_corner_1, infiniplex_forest_fountain,
          infiniplex_forest_end_1, infiniplex_forest_clump_small,
          infiniplex_forest_clump_medium, infiniplex_forest_corner_2
D:2:      layout_loops_ring, uniq_jessica, uniq_robin, uniq_terence
D:3:      layout_loops_cross
D:4:      layout_gridville, mainiacjoe_overflow_cross_hatched,
          minmay_temple_entry_offerings, nicolae_ossuary_entry_monument,
          uniq_eustachio, uniq_duvessa
Temple:   nicolae_temple_god_jail
Ossuary:  ossuary_tomb_3

Skill      XL: |  1  2  3  4  5  6 |
---------------+-------------------+-----
Spellcasting   | 5 6 |  6.8
Conjurations   | 2 3 |  3.2
Armour         | 1 2 |  2.0
Fighting       | 1 2 |  2.0
Dodging        | |  2.5
Stealth        | |  2.5
Summonings     | |  1.1
Translocations | |  1.1

Action                     |  1- 3 |  4- 6 || total
---------------------------+-------+-------++-------
  Melee: Dagger            |    10 |    20 ||    30
         Short sword       |   144 |     7 ||   151
         Punch             |     2 |     2 ||     4
   Cast: Magic Dart        |    99 |   115 ||   214
         Call Imp          |     5 |     1 ||     6
         Mephitic Cloud    |     3 |     6 ||     9
         Blink             |       |     2 ||     2
   Stab: Confused          |     1 |     4 ||     5
 Armour: Robe              |    12 |     8 ||    20
  Dodge: Dodged            |    39 |    41 ||    80

Table legend: (Time is in decaauts)
 A = Elapsed time spent in this place.
 B = Non-inter-level travel time spent in this place.
 C = Inter-level travel time spent in this place.
 D = Time resting spent in this place.
 E = Time spent auto-exploring this place.
 F = Levels seen in this place.
 G = Mean time per level.
                   A        B        C        D        E       F      G
               +--------+--------+--------+--------+--------+-----+--------+
         Total |   4394 |   4212 |    182 |    244 |   3123 |   6 |  732.3 |
       Dungeon |   3980 |   3811 |    169 |    244 |   2859 |   4 |  995.0 |
        Temple |    132 |    119 |     13 |      0 |    100 |   1 |  132.0 |
       Ossuary |    281 |    281 |      0 |      0 |    164 |   1 |  281.0 |
               +--------+--------+--------+--------+--------+-----+--------+

Top non-repeatable levels by time:
     D:1: 2079 daAuts
     D:2: 925 daAuts
     D:3: 823 daAuts
 Ossuary: 281 daAuts
     D:4: 152 daAuts
  Temple: 132 daAuts
